 Dungeon Crawl Stone Soup version 0.17-a0-1430-g49fde19 (webtiles) character file.

684 urechis the Insei (level 7, -1/38 HPs)
             Began as a Vine Stalker Monk on June 25, 2015.
             Engulfed by a cloud of freezing vapour (23 damage)
             ... on level 5 of the Dungeon.
             The game lasted 00:11:06 (4150 turns).

urechis the Insei (Vine Stalker Monk)               Turns: 4150, Time: 00:11:06

Health: -1/38      AC:  8    Str: 13    XL:     7   Next: 62%
Magic:  0/8        EV: 14    Int: 10    God:
Gold:   328        SH:  0    Dex: 19    Spells: 0 memorised, 6 levels left

rFire  . . .     SeeInvis +       - Unarmed
rCold  . . .     Clarity  .     s - +3 leather armour
rNeg   . . .     SustAt   +     (no shield)
rPois  .         Gourm    .     e - +1 hat
rElec  .         Spirit   +     (no cloak)
rCorr  .         Warding  .     c - +0 pair of gloves
rMut   .         Stasis   .     (no boots)
MR     .....                    (no amulet)
Stlth  ++........               n - ring of sustain attributes
                                h - ring of see invisible

@: not resistant to hostile enchantments, unstealthy
A: fangs 2, regeneration 2, magic shield, antimagic bite, no device heal 3, rot
immunity
a: no special abilities


You were on level 5 of the Dungeon.
You were not hungry.

You visited 2 branches of the dungeon, and saw 6 of its levels.

You collected 400 gold pieces.
You spent 72 gold pieces at shops.

Inventory:

Armour
 c - a +0 pair of gloves (worn)
 e - a +1 hat (worn)
 s - a +3 leather armour (worn)
 y - a +1 leather armour of fire resistance
Jewellery
 h - a ring of see invisible (left hand)
 n - a ring of sustain attributes (right hand)
 w - an uncursed ring of poison resistance {unknown}
Magical devices
 d - a wand of digging (4)
 o - a wand of disintegration (10)
 u - a wand of paralysis (9)
Scrolls
 a - 3 scrolls of teleportation
 f - 2 scrolls of remove curse
 g - 2 scrolls of recharging {unknown}
 q - 2 scrolls of blinking
 r - 4 scrolls of enchant armour {unknown}
 t - a scroll of fear {unknown}
 v - a scroll of identify
Potions
 j - a potion of mutation {unknown}
 k - a potion of haste {unknown}
 l - 2 potions of heal wounds {unknown}
 p - a potion of agility {unknown}
Comestibles
 b - 4 bread rations
 i - 5 meat rations
 m - a royal jelly
 x - a chunk of flesh


   Skills:
 + Level 4.3 Fighting
 + Level 4.2 Dodging
 - Level 2.4 Stealth
 * Level 7.0 Unarmed Combat


You had 6 spell levels left.
You didn't know any spells.

Dungeon Overview and Level Annotations

Branches:
Dungeon (5/15)             Temple (1/1) D:5

Altars:
Cheibriados
Dithmenos
Gozag
Kikubaaqudgha
Makhleb
Nemelex Xobeh
Okawaru
Qazlal
Ru
Sif Muna
Vehumet
Xom
Yredelemnul
Zin
The Shining One

Shops:
D:5 ?


Innate Abilities, Weirdness & Mutations

You have extremely sharp teeth.
You heal very quickly.
When hurt, damage is shared between your health and your magic reserves.
Your bite disrupts and absorbs the magic of your enemies.
Potions and wands cannot restore your health.
You are immune to rotting.


Message History

You finish taking off your +3 leather armour.
You start putting on your armour.
You continue putting on your glowing leather armour. x5
You finish putting on your +1 leather armour of fire resistance.
You feel resistant to fire.
Wear which item? (? for menu, Esc to quit)
You start removing your armour.
You continue taking off your +1 leather armour of fire resistance. x4
You finish taking off your +1 leather armour of fire resistance.
You feel less resistant to fire.
You start putting on your armour.
You continue putting on your +3 leather armour. x5
You finish putting on your +3 leather armour.
You open the door.
Really walk into a travel-excluded area?
There is an open door here.
You are engulfed in freezing vapours.
You are engulfed in freezing vapours.
Ouch! That really hurt!
You die...

..................# #...#.##.....
...##.##.#...#....#.......####...
##.### #.#...#....#.......# .....
......#.....#....#..........#...
..<.......+......#...#.#..##..
.#.###....#....#.#.#.#.#..##..
#............................
#+###..#8'8#################.
#..#...§@§§§§§§§§......#.
#..###################§#. .
#..#(?$?§§§§§§§§§.....§#. #
#..#####################. #..
.+.................######.
####....#..#..#.##...###..# ##
...........#.....##..# #..# #.
##.#####.#.#.##..##..# #..# #.
##.# #.#.#.##..##>.###..# #.


There were no monsters in sight!

Vanquished Creatures
  A phantom (D:5)
  An ogre (D:5)
  2 hounds
  4 crimson imps (D:4)
  2 orc priests (D:5)
  2 worker ants (D:4)
  A worker ant zombie (D:5)
  7 adders
  3 oozes
  2 worms
  4 giant geckos
  9 orcs
  A ball python (D:2)
  A bat skeleton (D:5)
  2 giant cockroaches
  10 goblins
  16 hobgoblins
  6 jackals
  7 bats
  3 giant newts
  8 kobolds
  5 quokkas
  A quokka skeleton (D:5)
  11 rats
109 creatures vanquished.

Notes
Turn   | Place    | Note
--------------------------------------------------------------
     0 | D:1      | urechis the Vine Stalker Monk began the quest for the Orb.
     0 | D:1      | Reached XP level 1. HP: 11/11 MP: 2/2
    86 | D:1      | Reached XP level 2. HP: 13/16 MP: 3/3
   713 | D:1      | Reached XP level 3. HP: 20/20 MP: 4/4
   766 | D:2      | Found a glowing golden altar of the Shining One.
   854 | D:2      | You fall through a shaft!
   985 | D:3      | Reached XP level 4. HP: 20/24 MP: 3/5
  1046 | D:2      | Reached skill level 5 in Unarmed Combat
  1430 | D:2      | Found a shadowy altar of Dithmenos.
  1910 | D:3      | Found a deep blue altar of Sif Muna.
  2075 | D:3      | Found a sparkling altar of Nemelex Xobeh.
  2225 | D:4      | Reached XP level 5. HP: 16/28 MP: 6/6
  2242 | D:4      | Got a smelly ring mail
  2253 | D:4      | Identified the cursed +1 ring mail "Guhiliko" {Int+9} (You found it on level 4 of the Dungeon)
  2469 | D:4      | Found a shimmering altar of Xom.
  2513 | D:4      | Gained mutation: You heal very quickly. [Vine Stalker growth]
  2513 | D:4      | Reached XP level 6. HP: 15/33 MP: 7/7
  2526 | D:4      | Reached skill level 6 in Unarmed Combat
  2800 | D:4      | Found a glowing silver altar of Zin.
  3350 | D:5      | Entered Level 5 of the Dungeon
  3377 | D:5      | Reached XP level 7. HP: 37/37 MP: 8/8
  3392 | D:5      | Found Jiedokk's Magic Scroll Shoppe.
  3402 | D:5      | Bought a scroll of teleportation for 36 gold pieces
  3402 | D:5      | Bought a scroll of teleportation for 36 gold pieces
  3449 | D:5      | Found an opulent altar of Gozag.
  3643 | D:5      | Reached skill level 7 in Unarmed Combat
  3709 | D:5      | Found a staircase to the Ecumenical Temple.
  3782 | Temple   | Entered the Ecumenical Temple
  4150 | D:5      | Engulfed by a cloud of freezing vapour

Vault maps used:
D:1:      dpeg_arrival_round_a
D:2:      grunt_dithmenos_smoke, tso_altar
D:3:      overflow_temple_1_default, lemuel_coloured_pillars_altar, first_bread
D:4:      zin_treasury, led_xom_imps
D:5:      lemuel_ice_spiral_2, nicolae_gozag_cash_rules_everything_around_me,
          minmay_temple_entry_glassed_door, serial_shops, nicolae_shop_stone
Temple:   jpeg_temple_clearing_9

Action                   |  1- 3 |  4- 6 |  7- 9 || total
-------------------------+-------+-------+-------++-------
Melee: Unarmed           |   108 |   208 |    69 ||   385
Evoke: Wand              |       |     1 |       ||     1
  Use: Scroll            |       |     5 |     1 ||     6
 Stab: Sleeping          |     8 |     5 |     1 ||    14
  Eat: Chunk             |       |     5 |     4 ||     9
       Pizza             |       |     1 |       ||     1
